 Dungeon Crawl Stone Soup version 0.25.1-2-g60ff931df9 (webtiles) character file.

Game seed: 594715867829126281

9085 funkygono the Basher (level 11, -1/68 HPs)
             Began as a Gargoyle Fighter on Nov 11, 2020.
             Was a High Priest of Okawaru.
             Slain by an unseen horror (5 damage)
             ... on level 10 of the Dungeon on Nov 12, 2020.
             The game lasted 00:21:49 (7892 turns).

funkygono the Basher (Gargoyle Fighter)             Turns: 7892, Time: 00:21:51

Health: -1/68      AC: 23    Str: 25    XL:     11   Next: 41%
Magic:  11/12      EV: 12    Int: 13    God:    Okawaru [*****.]
Gold:   842        SH: 16    Dex:  9    Spells: 10/10 levels left

rFire    + . .     SeeInvis .   a - +6 flail
rCold    x . .     Gourm    .   G - +2 kite shield
rNeg     + . .     Faith    .   t - +0 chain mail
rPois    ∞         Spirit   .   (no helmet)
rElec    +         Reflect  .   (no cloak)
rCorr    .         Harm     .   r - +2 pair of gloves
MR       .....                  (no boots)
Stlth    ..........             z - amulet of regeneration
HPRegen  0.61/turn              C - ring "Dexas" {Fire Str+2 Int+4}
MPRegen  0.13/turn              (no ring)

@: heroism
A: negative energy resistance 1, electricity resistance, unbreathing,
petrification resistance, rot immunity, AC +8
a: Heroism, Finesse, Renounce Religion


You were on level 10 of the Dungeon.
You worshipped Okawaru.
Okawaru was extremely pleased with you.
You were not hungry.

You visited 1 branch of the dungeon, and saw 10 of its levels.

You collected 842 gold pieces.

Inventory:

Hand Weapons
 a - a +6 flail (weapon)
 b - a +0 hand crossbow
Missiles
 h - 212 stones (quivered)
 m - 42 sling bullets
 n - 43 bolts
Armour
 q - a +1 tower shield
 r - a +2 pair of gloves (worn)
 t - a +0 chain mail (worn)
 E - a +0 ring mail
 F - a +1 scale mail of poison resistance
 G - a +2 kite shield (worn)
Jewellery
 z - an amulet of regeneration (around neck)
 C - the ring "Dexas" (left hand) {Fire Str+2 Int+4}
   (You found it on level 8 of the Dungeon)

   [ring of fire]

   It enhances your fire magic.
   It affects your strength (+2).
   It affects your intelligence (+4).
   It protects you from fire.
   It makes you vulnerable to cold.
Wands
 o - a wand of acid (11)
 p - a wand of enslavement (3)
 v - a wand of clouds (4)
 y - a wand of flame (16)
 B - a wand of disintegration (14)
Scrolls
 g - 3 scrolls of blinking
 i - 2 scrolls of magic mapping
 k - 8 scrolls of teleportation
 D - a scroll of amnesia
 H - a scroll of identify
Potions
 d - a potion of might
 e - 2 potions of heal wounds
 j - 11 potions of curing
 l - 2 potions of brilliance
 s - 2 potions of berserk rage
 u - 4 potions of invisibility
 w - 3 potions of lignification
 x - 2 potions of stabbing
 A - a potion of haste
 I - a potion of flight
 J - a potion of magic {unknown}
Comestibles
 c - 6 chunks of flesh
 f - 21 rations


   Skills:
 + Level 7.8(12.8) Fighting
 + Level 11.1(16.1) Maces & Flails
 * Level 4.7(9.7) Crossbows
 + Level 7.2(12.2) Armour
 + Level 3.2(8.2) Dodging
 + Level 9.6(14.6) Shields
 + Level 1.5 Invocations


You had 10 spell levels left.
You didn't know any spells.
Your spell library contained the following spells:

 Spells                   Type           Power        Failure   Level  Hunger
 Foxfire                  Conj/Fire      #...         82%         1    ##.....
 Confusing Touch          Hex            #.......     99%         3    ####...
 Conjure Flame            Conj/Fire      #.......     99%         3    ####...
 Gell's Gravitas          Tloc           #.........   99%         3    ####...
 Inner Flame              Hex/Fire       #.......     99%         3    ####...
 Petrify                  Tmut/Erth      #.......     100%        4    #####..
 Sticky Flame             Conj/Fire      #.......     100%        4    #####..
 Fireball                 Conj/Fire      #.........   100%        5    ######.
 Metabolic Englaciation   Hex/Ice        #.........   100%        5    ######.
 Yara's Violent Unravell  Hex/Tmut       #.........   100%        5    ######.


Dungeon Overview and Level Annotations

Branches:
Dungeon (10/15)            Temple (0/1) D:6             Orc (0/2) D:9
   Lair: D:8-11

Altars:
Cheibriados
Elyvilon
Fedhas
Gozag
Kikubaaqudgha
Makhleb
Nemelex Xobeh
Okawaru
Qazlal
Ru
Sif Muna
Trog
Vehumet
Xom
Zin
The Shining One

Shops:
D:4 *   D:10 %


Innate Abilities, Weirdness & Mutations

You are resistant to torment.
Your stone body is resilient. (AC +8)
You are immune to poison.
You resist negative energy. (rN+)
You are resistant to electric shocks. (rElec)
You can survive without breathing.
You are immune to petrification.
You are immune to rotting.


Message History

Something hits you but does no damage.
You see here 26 bolts.
Something hits you but does no damage. x2
There is an entrance to Kaanuw's Food Shop here.
Something hits you but does no damage. Something barely misses you.
You hit something but do no damage. Something hits you but does no damage.
Something hits you but does no damage. Something hits you!
* * * LOW HITPOINT WARNING * * *
There is an entrance to Kaanuw's Food Shop here.
Something hits you but does no damage.
You see here 26 bolts.
Something hits you but does no damage. Something hits you.
* * * LOW HITPOINT WARNING * * *
Items here: % )) ÷ a cursed +0 dire flail; a cursed -1 giant club; 4 chunks of flesh a two-headed ogre skeleton You closely miss something.
You block something's attack. Something hits you.
You die...

#.... #.# #.... ###### #.# #....
####....## #.# #....
###........## #.# ##...
##...........### #.# ##..
...............# ####.## ##.
...............######.....# ####
................@(∩.......####...
..###†..........#######...#.....#
.†# ###.........# ####....### .)#
##....)...# #..### #).#
###.....## #.## #(.# ###.### #.#
...# ### #.# .(## #.# .(. #.#


There were no monsters in sight!

Vanquished Creatures
  3 two-headed ogres
  The ghost of Zeloya the Cruncher, a novice KoGl of Okawaru (D:8)
  Pikel (D:7)
  The ghost of Elvorfindel the Cudgeler, a novice GrSk of Okawaru (D:6)
  Grinder (D:5)
  A troll (D:9)
  A human (D:7)
  4 hogs (D:7)
  Menkaure (D:7)
  A warg (D:10)
  A water moccasin (D:10)
  4 orc warriors
  2 sky beasts
  2 slaves (D:7)
  A necrophage (D:9)
  An eye of draining (D:9)
  2 phantoms
  6 ice beasts
  4 ogres
  2 centaurs
  A big kobold (D:7)
  8 bullfrogs
  A water moccasin skeleton (D:9)
  2 scorpions
  7 wights
  A howler monkey (D:5)
  2 crimson imps (D:9)
  11 hounds
  3 jellies
  9 orc priests
  10 orc wizards
  2 centaur skeletons
  Ijyb (D:3)
  A bullfrog skeleton (D:5)
  3 iguanas
  6 worker ants
  A bullfrog simulacrum (D:8)
  A worker ant zombie (D:7)
  10 adders
  A howler monkey skeleton (D:5)
  4 shadow imps
  A white imp (D:8)
  An ooze (D:1)
  2 adder skeletons
  4 worms
  3 dart slugs
  An adder simulacrum (D:8)
  4 leopard geckos
  47 orcs
  A ball python (D:5)
  11 bats
  3 giant cockroaches
  4 goblins
  11 hobgoblins
  15 jackals
  11 kobolds
  3 quokkas
  4 frilled lizards
  A jackal simulacrum (D:8)
  A jackal skeleton (D:7)
  6 rats
  A fungus (D:8)
260 creatures vanquished.

Vanquished Creatures (others)
  An ogre (D:8)
  An orc (D:7)
  A fungus (D:8)
  4 toadstools (D:8)
7 creatures vanquished.

Grand Total: 267 creatures vanquished

Notes
Turn   | Place    | Note
-------+----------+-------------------------------------------
     0 | D:1      | funkygono the Gargoyle Fighter began the quest for the Orb.
     0 | D:1      | Reached XP level 1. HP: 14/14 MP: 1/1
   181 | D:1      | Reached XP level 2. HP: 19/19 MP: 2/2
   246 | D:1      | Found a glowing golden altar of the Shining One.
   422 | D:1      | Reached XP level 3. HP: 22/23 MP: 3/3
  1119 | D:2      | Reached XP level 4. HP: 29/29 MP: 4/4
  1155 | D:2      | Reached skill level 3 in Maces & Flails
  1402 | D:3      | Found a radiant altar of Vehumet.
  1515 | D:3      | Noticed Ijyb
  1549 | D:3      | Killed Ijyb
  1556 | D:3      | Found an ancient bone altar of Kikubaaqudgha.
  1575 | D:3      | Reached XP level 5. HP: 33/33 MP: 5/5
  1587 | D:3      | Reached skill level 4 in Maces & Flails
  1867 | D:3      | Found a snail-covered altar of Cheibriados.
  1986 | D:3      | Reached XP level 6. HP: 24/38 MP: 6/6
  2148 | D:3      | Found an iron altar of Okawaru.
  2401 | D:4      | Reached skill level 1 in Dodging
  2488 | D:4      | Found an opulent altar of Gozag.
  2510 | D:4      | Reached skill level 5 in Maces & Flails
  2641 | D:4      | Found Gozag's Platinum Reserve.
  2675 | D:4      | Reached XP level 7. HP: 38/44 MP: 7/7
  2936 | D:4      | Found a glowing silver altar of Zin.
  3109 | D:4      | Reached skill level 5 in Shields
  3321 | D:4      | Found a blossoming altar of Fedhas.
  3468 | D:3      | Became a worshipper of Warmaster Okawaru
  3497 | D:5      | Entered Level 5 of the Dungeon
  3579 | D:5      | Reached skill level 6 in Maces & Flails
  3579 | D:5      | Reached skill level 5 in Armour
  3579 | D:5      | Reached XP level 8. HP: 44/48 MP: 8/8
  3819 | D:5      | Reached * piety under Okawaru
  3865 | D:5      | Noticed Grinder
  3881 | D:5      | Paralysed by Grinder for 4 turns
  3886 | D:5      | Paralysed by Grinder for 6 turns
  3893 | D:5      | Killed Grinder
  3893 | D:5      | Reached skill level 5 in Fighting
  3893 | D:5      | Reached skill level 7 in Maces & Flails
  4134 | D:6      | Reached ** piety under Okawaru
  4219 | D:6      | Found a staircase to the Ecumenical Temple.
  4469 | D:6      | Found a shimmering blue altar of Sif Muna.
  4499 | D:6      | Found a burning altar of Makhleb.
  4547 | D:6      | Reached XP level 9. HP: 54/54 MP: 9/9
  4585 | D:6      | Found a runed translucent door.
  4587 | D:6      | Noticed Elvorfindel's ghost (novice GrSk)
  4624 | D:6      | Killed Elvorfindel's ghost
  4624 | D:6      | Reached skill level 8 in Maces & Flails
  4942 | D:7      | Noticed Menkaure
  4947 | D:7      | Killed Menkaure
  4947 | D:7      | Reached *** piety under Okawaru
  5120 | D:7      | Found a shimmering altar of Xom.
  5135 | D:7      | Found a white marble altar of Elyvilon.
  5135 | D:7      | Found a sparkling altar of Nemelex Xobeh.
  5141 | D:7      | Found a sparkling altar of Nemelex Xobeh.
  5141 | D:7      | Found a sacrificial altar of Ru.
  5141 | D:7      | Found a sparkling altar of Nemelex Xobeh.
  5318 | D:7      | Found a stormy altar of Qazlal.
  5411 | D:7      | Reached skill level 9 in Maces & Flails
  5431 | D:7      | Reached XP level 10. HP: 61/61 MP: 10/10
  5692 | D:8      | Noticed Pikel
  5763 | D:7      | Killed Pikel
  5763 | D:7      | Reached **** piety under Okawaru
  5947 | D:8      | Reached skill level 10 in Maces & Flails
  6018 | D:8      | Found a runed translucent gate.
  6018 | D:8      | Found a runed translucent gate.
  6018 | D:8      | Found a runed translucent gate.
  6048 | D:8      | Noticed Zeloya's ghost (novice KoGl)
  6413 | D:8      | Killed Zeloya's ghost
  6437 | D:8      | Reached skill level 1 in Invocations
  6467 | D:8      | Got the ring "Dexas" {Fire}
  6471 | D:8      | Identified the ring "Dexas" {Fire Str+2 Int+4} (You found
                  | it on level 8 of the Dungeon)
  6572 | D:9      | Reached ***** piety under Okawaru
  6742 | D:9      | Found a bloodstained altar of Trog.
  6942 | D:9      | Noticed a two-headed ogre
  6966 | D:9      | Killed a two-headed ogre
  6975 | D:9      | Reached XP level 11. HP: 46/67 MP: 12/12
  7063 | D:9      | Reached skill level 1 in Crossbows
  7088 | D:9      | Reached skill level 11 in Maces & Flails
  7275 | D:9      | Found a staircase to the Orcish Mines.
  7427 | D:9      | Found a glowing golden altar of the Shining One.
  7659 | D:10     | Entered Level 10 of the Dungeon
  7707 | D:10     | Found Kaanuw's Food Shop.
  7795 | D:10     | Noticed a two-headed ogre
  7807 | D:10     | Killed a two-headed ogre
  7810 | D:10     | Noticed a two-headed ogre
  7848 | D:10     | Killed a two-headed ogre
  7848 | D:10     | Received a gift from Okawaru
  7892 | D:10     | Slain by an unseen horror

Illustrated notes

Levels and vault maps discovered:
D:1:      eino_arrival_water_cross, layout_rooms, tso_metal_star
D:2:      layout_basic
D:3:      layout_loops_ring, lemuel_coloured_pillars_altar,
          nicolae_overflow_crystal_walls, nicolae_overflow_hidden_temple,
          lemuel_doored_altar, kennysheep_generic_room_11, uniq_ijyb
D:4:      layout_cave_pools, kennysheep_mini, kennysheep_little_box,
          nicolae_gozag_zags_fifth_avenue, first_ration, grunt_ministairs_7
D:5:      layout_rooms, uniq_grinder
D:6:      layout_cave_pools, kennysheep_mini_moat, lemuel_round_altar,
          minmay_temple_entry_sparse_star, ebering_ghost_sewer_d, st_stairs_5,
          glass_columns_a
D:7:      layout_loops_ring, grunt_qazlal_clouds, doesnt_xom_only_xom,
          minmay_misc_feat_doors, grunt_livestock, due_unseen_surprise,
          uniq_menkaure
D:8:      layout_cave_pools, gammafunk_ghost_icy, minmay_gold_behind_fungi,
          roderic_roman_lattice, uniq_pikel
D:9:      layout_long_grid, old_standard_altar, marbit_many_paths,
          hiddenorc2_lemuel, wad_floor_pattern_untrapped
D:10:     layout_cave_pods, erik_lair_orcish_takeover, serial_shops, shop,
          special_room [special_room_kobold]

Skill      XL: |  1  2  3  4  5  6  7  8  9 10 11 |
---------------+----------------------------------+-----
Maces & Flails | 3 4 5 6 7 9 10 11 | 11.1
Shields        | 4 5 6 7 9 |  9.6
Fighting       | 4 5 6 7 |  7.8
Armour         | 4 5 6 7 |  7.2
Dodging        | 1 2 3 |  3.2
Invocations    | 1 |  1.5
Crossbows      | 4 |  4.7

Action                   |  1- 3 |  4- 6 |  7- 9 | 10-12 || total
-------------------------+-------+-------+-------+-------++-------
Melee: Flail             |   100 |   166 |   300 |   320 ||   886
 Fire: Hand crossbow     |       |       |       |    71 ||    71
Invok: Heroism           |       |       |     2 |     6 ||     8
  Use: Scroll            |     3 |     2 |    15 |     5 ||    25
       Potion            |       |       |       |     1 ||     1
 Stab: Sleeping          |       |       |       |     1 ||     1
  Eat: Chunk             |     1 |     5 |     9 |     5 ||    20
       Ration            |       |       |       |     1 ||     1
Armor: Scale mail        |    60 |    56 |       |       ||   116
       Chain mail        |       |    32 |   134 |    63 ||   229
       Ring mail         |       |       |    12 |    86 ||    98
Dodge: Dodged            |    37 |    67 |    60 |    83 ||   247
Block: Kite shield       |    64 |    78 |    98 |   136 ||   376
       Tower shield      |       |       |    77 |   108 ||   185
